 Dungeon Crawl Stone Soup version 0.28.0-47-ge53b351184 (webtiles) character file.

Game seed: 5522063190447063319

1052 DildoBatman the Magician (level 8, -2/85 HPs)
             Began as a Formicid Conjurer on Apr 26, 2022.
             Was an Initiate of Kikubaaqudgha.
             Slain by Pikel
             ... wielding a +0 whip of electrocution
              (18 damage)
             ... on level 5 of the Dungeon.
             The game lasted 00:16:10 (4112 turns).

DildoBatman the Magician (Formicid Conjurer)        Turns: 4112, Time: 00:16:11

Health: -2/85      AC: 24    Str: 17    XL:     8   Next: 51%
Magic:  4/18       EV:  2    Int: 23    God:    Kikubaaqudgha [......]
Gold:   130        SH:  0    Dex: 11    Spells: 18/21 levels left

rFire   . . .      SeeInvis .   u - +1 flail (protect)
rCold   . . .      Faith    .   (no shield)
rNeg    . . .      Spirit   .   (armour currently unavailable)
rPois   +          Reflect  .   (helmet unavailable)
rElec   .          Harm     .   (cloak currently unavailable)
rCorr   .          Rampage  .   (gloves currently unavailable)
Will    .....                   (boots currently unavailable)
Stlth   ++........              (no amulet)
HPRegen 0.24/turn               j - +6 ring of strength
MPRegen 0.16/turn               z - +6 ring of intelligence

@: tree-form
A: stationary, stasis, torment immunity, boosted hp, permanent stasis, dig
shafts and tunnels, (antennae 3), four strong arms, dopey 1
a: Renounce Religion


You were on level 5 of the Dungeon.
You worshipped Kikubaaqudgha.
Kikubaaqudgha was noncommittal.
You were a tree.
You visited 2 branches of the dungeon, and saw 6 of its levels.

You collected 217 gold pieces.
You spent 87 gold pieces at shops.

Inventory:

Hand Weapons
 a - a +4 dagger
 b - a +1 halberd of venom
 r - a +2 short sword of venom
 u - a +1 flail of protection (weapon)
Missiles
 d - 94 stones
 e - 44 bolts
 k - a throwing net
 s - 42 sling bullets
 t - 4 poisoned darts
 w - 12 arrows
Armour
 y - a +2 ring mail of cold resistance
 A - a +0 cloak (melded)
 C - a +4 ring mail (melded)
Jewellery
 j - a +6 ring of strength (left branch)
 v - a +6 ring of strength
 z - a +6 ring of intelligence (right branch)
Wands
 q - a wand of paralysis (3)
Scrolls
 c - a scroll of fog {unknown}
 h - a scroll of identify
 l - a scroll of silence {unknown}
 p - a scroll of magic mapping {unknown}
 x - a scroll of enchant weapon
 B - a scroll of blinking {unknown}
Potions
 f - a potion of brilliance {unknown}
 g - 2 potions of lignification
 i - a potion of flight {unknown}
 m - 2 potions of heal wounds {unknown}


   Skills:
 * Level 2.9 Fighting
 * Level 2.9 Armour
 - Level 1.7 Dodging
 - Level 2.4 Stealth
 - Level 7.0 Spellcasting
 - Level 6.0 Conjurations


You had 18 spell levels left.
You knew the following spells:

 Your Spells              Type           Power      Damage    Failure   Level
a - Searing Ray           Conj           70%        2d7       1%          2
c - Magic Dart            Conj           100%       1d8       1%          1

Your spell library contained the following spells:

 Spells                   Type           Power      Damage    Failure   Level
 Dazzling Flash           Conj/Hex       42%        N/A       7%          3
 Fulminant Prism          Conj/Hex       10%        3d9       22%         4
 Iskenderun's Mystic Bla  Conj/Tloc      21%        2d6       22%         4


Dungeon Overview and Level Annotations

Branches:
Dungeon (5/15)             Temple (1/1) D:5

Altars:
Ashenzari
Cheibriados
Elyvilon
Gozag
Hepliaklqana
Kikubaaqudgha
Makhleb
Nemelex Xobeh
Okawaru
Qazlal
Ru
Sif Muna
Trog
Uskayaw
Vehumet
Wu Jian
Xom
Zin
The Shining One

Shops:
D:4 *

Annotations:
D:4 1 runed translucent door, Crazy Yiuf, Ijyb
D:5 1 exclusion, Pikel


Innate Abilities, Weirdness & Mutations

You are a tree.
Your roots penetrate the ground, keeping you stationary.
You cannot be teleported.
You are immune to unholy pain and torment.
Your maximum health is greatly increased.
Your equipment is partially melded.
You cannot be hasted, slowed, berserked, paralysed or teleported.
You can dig through walls and to a lower floor.
((You have a pair of large antennae on your head. (SInv)))
Your four strong arms can wield two-handed weapons with a shield.
You are dopey. (Int -2)


Message History

The searing ray hits the phantom.
The phantom is almost destroyed.
The searing ray hits the lemure.
The lemure is almost dead.
The searing ray misses the lemure.
The searing ray misses Pikel.
The phantom hits you but does no damage.
The searing ray hits the phantom!
You destroy the phantom!
Kikubaaqudgha accepts your kill.
The searing ray hits the lemure!
You kill the lemure!
That felt strangely unrewarding.
The searing ray hits the lemure!
The lemure is heavily wounded.
The searing ray hits Pikel.
Pikel is moderately wounded.
The searing ray hits the lemure.
The lemure is severely wounded.
The searing ray hits Pikel.
Pikel is moderately wounded.
You finish channelling your searing ray.
The lemure hits you but does no damage.
Casting: Searing Ray (safe; 1% risk of failure)
Confirm with . or Enter, or press ? or * to list all spells.
Aiming: Searing Ray (safe; 1% risk of failure)
Press: ? - help, Shift-Dir - straight line, f - lemure
Aim: a lemure (severely wounded, 76% to hit)
The searing ray hits the lemure!
You kill the lemure!
That felt strangely unrewarding.
The searing ray hits Pikel.
Pikel is heavily wounded. (Press . to maintain the ray.)
The searing ray hits Pikel.
Pikel is heavily wounded.
Pikel hits you but does no damage.
You are electrocuted!!
You die...
Kikubaaqudgha rasps: "You have failed me!
Welcome... death!"

.# #.# #.# #.#
.####### #.# #.#
.#§≈§≈# #.# #.#
.#§§≈≈# #.# #.#
.#≈≈≈≈# #.# #.#
.##≈≈§# #5# #.#
..#≈≈§# #.# #.#
>.#≈≈§# #.# #.#
..#≈≈≈# #.# #♣#
###≈§≈# #.# #K#
§≈≈≈≈§#####.# #.#
≈≈≈≈≈§##.{.{# #.#
≈§≈§≈≈##.#######)#
########.........#
#.#.....###
...#####.# #.###
#.#


You could see Pikel.

Vanquished Creatures
  Edmund (D:5)
  Duvessa (D:5)
  2 ogres (D:5)
  2 lemures (D:5)
  A phantom (D:5)
  A scorpion (D:4)
  A wyvern zombie (D:5)
  Dowan (D:5)
  2 jellies
  3 orc priests
  A hound (D:3)
  2 iguanas
  An orc wizard (D:4)
  A hound skeleton (D:4)
  4 gnolls (D:4)
  3 adders
  A white imp (D:5)
  3 worms
  2 dart slugs
  16 orcs
  5 ball pythons
  6 bats
  3 endoplasms
  3 giant cockroaches
  5 goblins
  A hobgoblin (D:1)
  7 jackals
  3 quokkas (D:2)
  4 frilled lizards
  5 kobolds
  A rat (D:2)
92 creatures vanquished.

Notes
Turn   | Place    | Note
-------+----------+-------------------------------------------
     0 | D:1      | DildoBatman the Formicid Conjurer began the quest for the
                  | Orb.
     0 | D:1      | Reached XP level 1. HP: 13/13 MP: 3/3
   222 | D:1      | Reached XP level 2. HP: 13/19 MP: 0/5
   225 | D:1      | Learned a level 2 spell: Searing Ray
   528 | D:2      | Found a faded altar of an unknown god.
   564 | D:1      | Reached XP level 3. HP: 22/24 MP: 2/6
  1048 | D:2      | Reached XP level 4. HP: 30/30 MP: 3/7
  1328 | D:3      | Reached skill level 5 in Conjurations
  1407 | D:3      | Reached XP level 5. HP: 25/35 MP: 2/8
  1467 | D:3      | You fall into a shaft and drop 1 floor!
  1818 | D:4      | Found Luem's CLEARANCE SALE!.
  1826 | D:4      | Reached skill level 1 in Fighting
  1826 | D:4      | Reached skill level 1 in Armour
  1826 | D:4      | Reached XP level 6. HP: 43/43 MP: 3/9
  1830 | D:4      | Bought a potion of mutation for 24 gold pieces
  1830 | D:4      | Gained mutation: You are somewhat resistant to further
                  | mutation. [potion of mutation]
  1831 | D:4      | Lost mutation: You are somewhat resistant to further
                  | mutation. [potion of mutation]
  1831 | D:4      | Gained mutation: You are dopey. (Int -2) [potion of
                  | mutation]
  2061 | D:4      | Reached skill level 3 in Spellcasting
  2187 | D:4      | Reached XP level 7. HP: 47/47 MP: 3/12
  2428 | D:4      | Found a runed translucent door.
  2429 | D:4      | Noticed Crazy Yiuf
  2548 | D:3      | Found a shimmering altar of Xom.
  2563 | D:3      | Reached skill level 4 in Spellcasting
  2585 | D:3      | Found an iron altar of Okawaru.
  3197 | D:4      | Bought a +2 ring mail of cold resistance for 63 gold pieces
  3215 | D:5      | Entered Level 5 of the Dungeon
  3236 | D:5      | Noticed Ijyb
  3279 | D:5      | Found a stormy altar of Qazlal.
  3287 | D:5      | Found a shimmering blue altar of Sif Muna.
  3296 | D:5      | Reached skill level 5 in Spellcasting
  3305 | D:5      | Noticed Duvessa
  3483 | D:5      | Killed Duvessa
  3484 | D:5      | Reached skill level 6 in Spellcasting
  3484 | D:5      | Reached XP level 8. HP: 46/56 MP: 6/17
  3521 | D:5      | Noticed Dowan
  3658 | D:5      | Killed Dowan
  3672 | D:5      | Noticed Pikel
  3774 | D:5      | Noticed Edmund
  3845 | D:5      | Found a staircase to the Ecumenical Temple.
  3854 | Temple   | Entered the Ecumenical Temple
  3982 | Temple   | Became a worshipper of Kikubaaqudgha
  4104 | D:5      | Killed Edmund
  4105 | D:5      | Reached skill level 7 in Spellcasting
  4112 | D:5      | Slain by Pikel

Illustrated notes

Levels and vault maps discovered:
D:1:      eino_arrival_water_cross, layout_rooms
D:2:      layout_loops_ring, nicolae_ecumenical_pavilion
D:3:      layout_loops_cross, mainiacjoe_overflow_catch_the_wave
D:4:      layout_loops_ring, grunt_ministairs_15, minmay_misc_feat_square,
          nicolae_shop_clearance, uniq_crazy_yiuf_cottage
D:5:      layout_basic, lemuel_doored_altar, nicolae_overflow_crystal_walls,
          minmay_temple_entry_poolview, uniq_blork_the_orc, uniq_edmund,
          uniq_pikel, uniq_duvessa, uniq_ijyb
Temple:   regret_index_temple_waves

Skill      XL: |  1  2  3  4  5  6  7  8 |
---------------+-------------------------+-----
Conjurations   | 4 5 6 |  6.0
Fighting       | 1 2 |  2.9
Armour         | 1 2 |  2.9
Spellcasting   | 3 6 7 |  7.0
Dodging        | |  1.7
Stealth        | |  2.4

Action                   |  1- 3 |  4- 6 |  7- 9 || total
-------------------------+-------+-------+-------++-------
Melee: Club              |    18 |       |       ||    18
       Mace              |     1 |       |       ||     1
       Dagger            |       |     6 |    34 ||    40
       Flail             |       |       |     2 ||     2
 Cast: Magic Dart        |    27 |    21 |    14 ||    62
       Searing Ray       |     6 |    17 |    26 ||    49
 Abil: Dig               |       |     2 |     2 ||     4
Evoke: Wand              |       |       |     2 ||     2
  Use: Potion            |       |     2 |     1 ||     3
       Scroll            |       |       |     2 ||     2
 Stab: Sleeping          |     1 |       |     1 ||     2
Armor: Robe              |     8 |     3 |     8 ||    19
       Ring mail         |       |       |     5 ||     5
       Skin              |       |       |     6 ||     6
Dodge: Dodged            |    26 |    13 |    50 ||    89
